 Dungeon Crawl Stone Soup version 0.30-a0-709-gcdc1b43e22 (webtiles) character file.

Game seed: 2238219594824259844

95 Bnni the Vexing (level 4, 0/33 HPs)
             Began as a Formicid Hexslinger on Jan 22, 2023.
             Succumbed to Sigmund's poison
             ... on level 2 of the Dungeon.
             The game lasted 00:03:07 (1432 turns).

Bnni the Vexing (Formicid Hexslinger)               Turns: 1432, Time: 00:03:08

Health: 0/33       AC:  2    Str: 15    XL:     4   Next: 95%
Magic:  1/6        EV: 12    Int: 12    God:
Gold:   116        SH:  6    Dex: 16    Spells: 2/6 levels left

rFire   . . .      SeeInvis +    (no weapon)
rCold   . . .      Faith    .    c - +2 buckler
rNeg    . . .      Spirit   .    m - +0 robe
rPois   .          Reflect  .    (helmet unavailable)
rElec   .          Harm     .    (no cloak)
rCorr   .          Rampage  .    (no gloves)
Will    .....                    (no boots)
Stlth   +                        i - amulet of magic regeneration
HPRegen 0.25/turn                (no ring)
MPRegen 0.50/turn                (no ring)

@: lethally poisoned (0 -> -2), very slightly contaminated
A: permanent stasis, dig shafts and tunnels, antennae 3, four strong arms
a: Dig, Shaft Self


You were on level 2 of the Dungeon.
You visited 1 branch of the dungeon, and saw 3 of its levels.

You collected 116 gold pieces.

Inventory:

Hand Weapons
 a - a +1 sling
Armour
 c - a +2 buckler (worn)
 m - a +0 robe (worn)
Jewellery
 i - an amulet of magic regeneration (around neck)
Scrolls
 b - a scroll of poison
 d - a scroll of identify
 e - a scroll of brand weapon {unknown}
 f - a scroll of fear {unknown}
 g - a scroll of magic mapping {unknown}
 h - 2 scrolls of teleportation
 j - a scroll of blinking {unknown}
 l - 2 scrolls of silence {unknown}
Potions
 k - a potion of cancellation


   Skills:
 + Level 1.7 Fighting
 * Level 3.0 Ranged Weapons
 - Level 1.7 Dodging
 + Level 0.4 Shields
 + Level 1.7 Spellcasting
 * Level 4.4 Hexes
 * Level 1.6 Fire Magic


You had 2 spell levels left.
You knew the following spells:

 Your Spells              Type           Power      Damage    Failure   Level
a - Slow                  Hex            44%        N/A       6%          1
b - Inner Flame           Hex/Fire       8%         N/A       30%         3

Your spell library contained the following spells:

 Spells                   Type           Power      Damage    Failure   Level
 Portal Projectile        Hex/Tloc       12%        N/A       38%         3
 Cause Fear               Hex            5%         N/A       50%         4
 Vhi's Electric Charge    Tloc/Air       2%         N/A       71%         3
 Arcjolt                  Conj/Air       0%         1d10      100%        5
 Maxwell's Capacitive Co  Air            0%         ∞         100%        8


Dungeon Overview and Level Annotations

Branches:
Dungeon (3/15)

Altars:

Shops:
D:1 ?

Annotations:
D:2 Sigmund
D:3 Grinder


Innate Abilities, Weirdness & Mutations

You cannot be hasted, slowed, berserked, paralysed or teleported.
You can dig through walls and to a lower floor.
You have a pair of large antennae on your head. (SInv)
Your four strong arms can wield two-handed weapons with a shield.


Message History

You feel sick.
Casting: Slow (safe; 6% risk of failure)
Confirm with . or Enter, or press ? or * to list all spells.
Okay, then.
Okay, then.
Really read the scroll of poison?
Okay, then.
As you read the scroll labelled YKEOJ BUK VIUSCH, it crumbles to dust.
It is a scroll of identify.
h - 2 scrolls of teleportation
* * * LOW HITPOINT WARNING * * *
You feel sick.
Sigmund smiles chillingly.
Sigmund hits you from afar with a +2 scythe of venom.
* * * LOW HITPOINT WARNING * * *
You are now empty-handed.
Unknown command.
Casting: Slow (safe; 6% risk of failure)
Confirm with . or Enter, or press ? or * to list all spells.
The spell is quite dangerous to miscast (30% risk of failure)!
Continue anyway? [Y]es or [N]o only, please.
The spell is quite dangerous to miscast (30% risk of failure)!
Continue anyway?
Aiming: Inner Flame (quite dangerous; 30% risk of failure)
Press: ? - help, Dir - move target, f - Sigmund
Aim: Sigmund, wielding a +2 scythe of venom and wearing a +0 robe of cold resistance (slow, chance to affect: 64%)
You miscast Inner Flame.
You are very lightly contaminated with residual magic.
Nothing appears to happen.
* * * LOW HITPOINT WARNING * * *
You feel sick.
Unknown command.
Unknown command.
Casting: Inner Flame (quite dangerous; 30% risk of failure)
Confirm with . or Enter, or press ? or * to list all spells.
The spell is quite dangerous to miscast (30% risk of failure)!
Continue anyway?
Aiming: Inner Flame (quite dangerous; 30% risk of failure)
Press: ? - help, Dir - move target, f/p - Sigmund
Aim: Sigmund, wielding a +2 scythe of venom and wearing a +0 robe of cold resistance (slow, chance to affect: 64%) Sigmund is filled with an inner flame.
You die...

#........# #........# #........#
#........# ##### #........# #...#
#.[......# ###### #...#
#........# #....#
#...###.....>..## #....#
####...##...##@.@..####....#
...<......#.##.........[...#
####...............#.......#
...#...............#.##....####
.......##.....................#
...###.....#..........#####.#####
#..........#.......<.............
†..#.................##..........
(....................###.........


You could see Sigmund (inner flame, slow).

Vanquished Creatures
  A hound (D:2)
  2 adders (D:2)
  3 dart slugs
  A worm (D:2)
  5 ball pythons
  2 endoplasms (D:2)
  5 hobgoblins
  2 jackals (D:1)
  A kobold (D:2)
  A quokka (D:1)
  7 bats
  4 goblins
  4 rats
38 creatures vanquished.

Notes
Turn   | Place    | Note
-------+----------+-------------------------------------------
     0 | D:1      | Bnni the Formicid Hexslinger began the quest for the Orb.
     0 | D:1      | Reached XP level 1. HP: 15/15 MP: 2/2
    40 | D:1      | Reached XP level 2. HP: 21/21 MP: 3/3
    92 | D:1      | Found Beelusi's Magic Scroll Boutique.
   345 | D:1      | Reached skill level 4 in Hexes
   698 | D:1      | Reached XP level 3. HP: 26/26 MP: 5/5
   720 | D:2      | Learned a level 3 spell: Inner Flame
   832 | D:2      | HP: 1/26 [poisoned by an adder]
   835 | D:2      | Reached skill level 1 in Fire Magic
   886 | D:2      | Reached XP level 4. HP: 32/32 MP: 6/6
  1223 | D:3      | Noticed Grinder
  1225 | D:3      | Noticed Sigmund
  1429 | D:2      | HP: 1/33 [Sigmund/+2 scythe of venom (2)]
  1432 | D:2      | Succumbed to Sigmund's poison

Illustrated notes

Levels and vault maps discovered:
D:1:      dpeg_arrival_rooms_c, layout_basic, serial_shops, shop, minmay_tall_x
D:2:      layout_rooms, kennysheep_flooded_box
D:3:      layout_basic, mainiacjoe_overflow_six_doors_small,
          shapermc_ecumenical_altar_mp_highgroup, uniq_sigmund,
          uniq_crazy_yiuf_cottage, uniq_grinder

Skill      XL: |  1  2  3  4 |
---------------+-------------+-----
Hexes          | 4 |  4.4
Fire Magic     | 1 |  1.6
Ranged Weapons | 3 |  3.0
Fighting       | |  1.7
Dodging        | |  1.7
Shields        | |  0.4
Spellcasting   | |  1.7

Action                     |  1- 3 |  4- 6 || total
---------------------------+-------+-------++-------
   Fire: Sling             |    96 |    41 ||   137
   Cast: Slow              |     1 |     1 ||     2
         Inner Flame       |       |     1 ||     1
    Use: Potion            |     1 |     1 ||     2
         Scroll            |       |     1 ||     1
 Armour: Robe              |     5 |     1 ||     6
  Dodge: Dodged            |    34 |     6 ||    40

Table legend: (Time is in decaauts)
 A = Elapsed time spent in this place.
 B = Non-inter-level travel time spent in this place.
 C = Inter-level travel time spent in this place.
 D = Time resting spent in this place.
 E = Time spent auto-exploring this place.
 F = Levels seen in this place.
 G = Mean time per level.
                   A        B        C        D        E       F      G
               +--------+--------+--------+--------+--------+-----+--------+
         Total |   1472 |   1432 |     40 |    167 |    949 |   3 |  490.7 |
       Dungeon |   1472 |   1432 |     40 |    167 |    949 |   3 |  490.7 |
               +--------+--------+--------+--------+--------+-----+--------+

Top non-repeatable levels by time:
     D:1: 732 daAuts
     D:2: 710 daAuts
     D:3: 29 daAuts
